 Dungeon Crawl Stone Soup version 0.16-a0-3922-g7e2cf2e (webtiles) character file.

63 Sixotanaka the Slasher (level 3, 0/43 HPs)
             Began as a Demonspawn Berserker on Feb 4, 2015.
             Was a Follower of Trog.
             Slain by a gnoll
             ... wielding a +2 whip of electrocution
              (13 damage)
             ... on level 2 of the Dungeon.
             The game lasted 00:03:00 (940 turns).

Sixotanaka the Slasher (Demonspawn Berserker)        Turns: 940, Time: 00:03:00

Health: 0/43       AC: 21    Str: 18    XL:     3   Next: 89%
Magic:  3/3        EV:  2    Int:  8    God:    Trog [*.....]
Gold:   38         SH:  0    Dex: 12    Spells: 0 memorised, 2 levels left

rFire  . . .     SeeInvis .     a - +0 falchion
rCold  . . .     Clarity  .     h - melded +0 leather armour (curse)
rNeg   + + +     SustAb   .     (no shield)
rPois  +         Gourm    .     (helmet currently unavailable)
rElec  .         Spirit   .     l - melded +0 cloak
rCorr  .         Warding  .     (gloves currently unavailable)
rMut   .         NoTele   +     f - melded +0 pair of boots
MR     .....                    (no amulet)
Stlth  +.........               (no ring)
                                (no ring)

@: exhausted, tree-form, slowed, very slow, not resistant to hostile
enchantments, very unstealthy
A: (fire resistance 0)
a: Burn Spellbooks, Berserk, Renounce Religion


You were on level 2 of the Dungeon.
You worshipped Trog.
Trog was aware of your devotion.
You were hungry.
You were a tree.
You visited 1 branch of the dungeon, and saw 2 of its levels.

You collected 38 gold pieces.


Innate Abilities, Weirdness & Mutations

((Your flesh is heat resistant.))


   Skills:
 - Level 3.1 Fighting
 + Level 4.2 Long Blades
 - Level 1.8 Armour
 - Level 2.0 Dodging


You had 2 spell levels left.
You didn't know any spells.

Dungeon Overview and Level Annotations

Branches:
Dungeon (2/15)

Altars:

Inventory:

Hand weapons
 a - a +0 falchion (weapon)
Missiles
 d - 75 stones (quivered)
Armour
 b - a +1 scale mail
 f - a +0 pair of boots (melded)
 h - a cursed +0 leather armour (melded)
 l - a +0 cloak (melded)
Scrolls
 e - a scroll of identify {unknown}
 g - a scroll of enchant armour
 i - a scroll of teleportation {unknown}
 j - a scroll of remove curse {unknown}
Potions
 n - a potion of curing {unknown}
Comestibles
 c - 2 bread rations
 m - 2 chunks of flesh

#..# ##.# #.# #.# ####
#.# ...# #g# ##.# #.#
#.##################)#
#..............♣g....#
######################


You could see a gnoll.


Message History

You continue putting on your cloak. x3
You finish putting on your +0 cloak.
Read which item? (? for menu, Esc to quit)
As you read the scroll labeled MEITRU RATACS, it crumbles to dust.
It is a scroll of enchant armour.
Enchant which item? (? for menu, Esc to quit)
Your scale mail glows green for a moment.
There is an open door here.
You feel less exhausted.
There is an open door here.
You see here a quarterstaff of chaos.
Found 8 gold pieces.
You now have 38 gold pieces (gained 8).
A rat comes into view.
Read which item? (? for menu, Esc to quit)
Okay, then.
A rat is nearby!
You hit the rat.
You kill the rat!
Trog accepts your kill.
No target in view!
No target in view!
Found a brown potion.
A gnoll comes into view. It is wielding a halberd.
The gnoll moves out of view.
A gnoll comes into view. It is wielding a club.
The gnoll shouts!
Found 13 gold pieces.
A gnoll comes into view. It is wielding a whip of electrocution.
You see here a brown potion.
n - a brown potion The gnoll shouts!
A kobold comes into view. It is wielding a club.
A red film seems to cover your vision as you go berserk!
You feel yourself moving faster!
You feel mighty!
You feel somewhat more hungry.
You feel a strong urge to attack something.
The gnoll barely misses you.
You slash the gnoll! You slash the gnoll!
You kill the gnoll!
Trog accepts your kill.
Your Long Blades skill increases to level 4!
You slash the gnoll! The gnoll hits you with a club.
You closely miss the gnoll. You barely miss the gnoll.
The gnoll hits you with a club.
You closely miss the gnoll. The gnoll barely misses you.
You hit the gnoll. You hit the gnoll but do no damage.
The gnoll hits you with a club!
You hit the gnoll. You slash the gnoll!
You kill the gnoll!
Trog accepts your kill.
You feel a strong urge to attack something.
You are no longer berserk.
You are exhausted.
You feel yourself slow down.
You are feeling hungry.
Drink which item? (? for menu, Esc to quit)
It was a potion of lignification.
You turn into a tree.
Your +0 cloak melds into your body.
Your +0 pair of boots melds into your body.
Your cursed +0 leather armour melds into your body.
Your roots penetrate the ground.
You hit the gnoll. The gnoll hits you but does no damage.
You are electrocuted!
* * * LOW HITPOINT WARNING * * *
The gnoll hits you but does no damage.
You are electrocuted!
You die...

Action                   || total
-------------------------++-------
Melee: Falchion          ||    50
Invok: Berserk           ||     2
  Use: Scroll            ||     1
       Potion            ||     1
  Eat: Chunk             ||     1

Vault maps used:
D:1:      dpeg_arrival_lava_altar, minmay_misc_feat_more_columns,
          kennysheep_crisscross
D:2:      lemuel_doored_altar, first_bread, uniq_crazy_yiuf_cottage

Notes
Turn   | Place    | Note
--------------------------------------------------------------
     0 | D:1      | Sixotanaka, the Demonspawn Berserker, began the quest for the Orb.
     0 | D:1      | Reached XP level 1. HP: 18/18 MP: 1/1
     0 | D:1      | Upgraded the game from 0.16-a0-3918-g54d4735 to 0.16-a0-3922-g7e2cf2e
   217 | D:1      | Reached skill level 2 in Dodging
   579 | D:1      | Gained mutation: Your flesh is heat resistant. [demonic ancestry]
   579 | D:1      | Reached XP level 2. HP: 24/24 MP: 2/2
   629 | D:1      | You fall through a shaft!
   632 | D:2      | Reached skill level 3 in Long Blades
   801 | D:2      | Noticed Crazy Yiuf
   811 | D:2      | Killed Crazy Yiuf
   811 | D:2      | Reached XP level 3. HP: 29/29 MP: 3/3
   926 | D:2      | Reached skill level 4 in Long Blades
   940 | D:2      | Slain by a gnoll

Vanquished Creatures
  Crazy Yiuf (D:2)
  2 gnolls (D:2)
  2 giant geckos
  A bat (D:1)
  A goblin (D:2)
  2 hobgoblins (D:1)
  A kobold (D:2)
  2 giant newts (D:1)
  2 rats
14 creatures vanquished.
